 Dungeon Crawl Stone Soup version 0.20.1-1-g8b1a95d (console) character file.

277 ceb the Bolt Thrower (level 6, 0/47 HPs)
             Began as a Demonspawn Hunter on Nov 20, 2017.
             Slain by an iguana (5 damage)
             ... on level 4 of the Dungeon.
             The game lasted 00:07:16 (4099 turns).

ceb the Bolt Thrower (Demonspawn Hunter)            Turns: 4099, Time: 00:07:18

Health: 0/47       AC:  7    Str: 15    XL:     6   Next: 4%
Magic:  6/6        EV: 18    Int: 12    God:
Gold:   127        SH:  0    Dex: 18    Spells: 5/5 levels left

rFire    . . .     SeeInvis .   a - +1 hand crossbow
rCold    + . .     Gourm    .   (no shield)
rNeg     . . .     Faith    .   c - +0 leather armour
rPois    .         Spirit   .   r - +0 helmet
rElec    .         Reflect  .   i - +0 cloak
rCorr    .         Harm     .   (no gloves)
MR       .....                  (no boots)
Stlth    +++.......             (no amulet)
Regen    0.2/turn               (no ring)
MPRegen  0.1/turn               (no ring)

@: agile
A: yellow scales 1, cold resistance 1, powered by pain 2
a: no special abilities


You were on level 4 of the Dungeon.
You were not hungry.

You visited 1 branch of the dungeon, and saw 4 of its levels.

You collected 127 gold pieces.

Inventory:

Hand Weapons
 a - a +1 hand crossbow (weapon)
 b - a +0 short sword
Missiles
 d - 13 bolts (quivered)
 g - 35 arrows
Armour
 c - a +0 leather armour (worn)
 i - a +0 cloak (worn)
 r - a +0 helmet (worn)
Jewellery
 s - a +4 ring of evasion {unknown}
 w - an uncursed amulet of guardian spirit {unknown}
 z - an uncursed ring of protection from cold {unknown}
Scrolls
 h - a scroll of fog {unknown}
 j - a scroll of identify {unknown}
 m - a scroll of enchant weapon {unknown}
 n - a scroll of amnesia {unknown}
 t - a scroll of teleportation {unknown}
 u - 2 scrolls of recharging {unknown}
 v - a scroll of immolation {unknown}
 y - a scroll of remove curse {unknown}
Potions
 e - 2 potions of curing {unknown}
 l - 3 potions of might {unknown}
 o - a potion of agility {unknown}
 p - 2 potions of mutation {unknown}
 x - 3 potions of haste {unknown}
 A - a potion of brilliance {unknown}
Comestibles
 f - 3 bread rations
 k - 2 meat rations
 q - a royal jelly


   Skills:
 + Level 3.6 Fighting
 + Level 4.7 Crossbows
 + Level 3.2 Dodging
 + Level 2.6 Stealth


You had 5 spell levels left.
You didn't know any spells.

Dungeon Overview and Level Annotations

Branches:
Dungeon (4/15)
 Temple: D:4-7

Altars:
Fedhas
Okawaru
Sif Muna
Zin


Innate Abilities, Weirdness & Mutations

You are partially covered in yellow scales. (AC +2)
Your flesh is cold resistant. (rC+)
You sometimes gain power by taking damage.


Message History

The ogre hits you with a giant club!!
* * * LOW HITPOINT WARNING * * *
You focus on the pain.
You feel agile all of a sudden. The iguana misses you.
Unknown command.
Unknown command.
Firing (i - inventory):
d - 14 bolts (quivered)
Press: ? - help, Shift-Dir - straight line, f/p - ogre
Aim: an ogre, wielding a giant club (almost dead)
You shoot a bolt. The bolt hits the ogre!
You kill the ogre!
You have reached level 6!
Your experience leads to an increase in your attributes!
Your base attributes are Str 14, Int 12, Dex 13.
Increase (S)trength, (I)ntelligence, or (D)exterity?
You feel stronger.
Your demonic ancestry asserts itself...
You feel even more energised by your suffering.
The iguana misses you. The iguana bites you.
You die...

#.#..........
#.#..........
#.#..........
###.#..........
#..............
#............. #
#............
####. #...#......
......#l@.#......
.......)..#######
......(##.#
....... .#
......# .# ......
.. ...... ..
.(.... ... .....


You could see an iguana.

Vanquished Creatures
  An ogre (D:4)
  A crimson imp (D:3)
  Robin (D:2)
  3 gnolls (D:3)
  2 adders
  An ooze (D:1)
  3 dart slugs
  3 leopard geckos
  3 orcs (D:3)
  3 giant cockroaches
  13 hobgoblins
  A quokka (D:2)
  2 ball pythons
  13 bats
  7 frilled lizards
  18 goblins
  2 kobolds (D:3)
  7 rats
84 creatures vanquished.

Vanquished Creatures (others)
  A kobold (D:1)
1 creature vanquished.

Grand Total: 85 creatures vanquished

Notes
Turn   | Place    | Note
-------+----------+-------------------------------------------
     0 | D:1      | ceb the Demonspawn Hunter began the quest for the Orb.
     0 | D:1      | Reached XP level 1. HP: 16/16 MP: 1/1
   149 | D:1      | Reached skill level 1 in Stealth
   186 | D:1      | Gained mutation: You sometimes gain a little power by taking damage. [demonic ancestry]
   186 | D:1      | Reached XP level 2. HP: 17/22 MP: 2/2
   487 | D:1      | HP: 1/23 [dart slug/slug dart (5)]
  1290 | D:1      | Gained mutation: You are partially covered in yellow scales. (AC +2) [demonic ancestry]
  1290 | D:1      | Reached XP level 3. HP: 28/28 MP: 3/3
  1591 | D:2      | Reached skill level 4 in Crossbows
  2205 | D:2      | Gained mutation: Your flesh is cold resistant. (rC+) [demonic ancestry]
  2205 | D:2      | Reached XP level 4. HP: 34/34 MP: 4/4
  2229 | D:2      | Noticed Robin
  2253 | D:2      | Killed Robin
  2439 | D:2      | Found a deep blue altar of Sif Muna.
  3099 | D:3      | Reached XP level 5. HP: 41/41 MP: 5/5
  3553 | D:3      | Found a glowing silver altar of Zin.
  3707 | D:3      | Found an iron altar of Okawaru.
  3707 | D:3      | Found a blossoming altar of Fedhas.
  4090 | D:4      | Noticed an ogre
  4099 | D:4      | Killed an ogre
  4099 | D:4      | Gained mutation: You sometimes gain power by taking damage. [demonic ancestry]
  4099 | D:4      | Reached XP level 6. HP: 5/47 MP: 6/6
  4099 | D:4      | Slain by an iguana

Skill      XL: |  1  2  3  4  5 |
---------------+----------------+-----
Stealth        | 1 2 |  2.6
Dodging        | 2 3 |  3.2
Crossbows      | 4 |  4.7
Fighting       | 3 |  3.6

Action                   |  1- 3 |  4- 6 || total
-------------------------+-------+-------++-------
Melee: Short sword       |   185 |   237 ||   422
 Fire: Hand crossbow     |       |    22 ||    22
 Stab: Sleeping          |     2 |     3 ||     5
  Eat: Chunk             |     4 |     7 ||    11
Armor: Leather armour    |    69 |    92 ||   161
Dodge: Dodged            |   120 |   188 ||   308
